 Dungeon Crawl Stone Soup version 0.29.1-15-g9cfb28693d (webtiles) character file.

Game seed: 6372941345594821147

492 senseless the Firebug (level 7, -2/47 HPs)
             Began as an Octopode Fire Elementalist on Apr 24, 2023.
             Killed from afar by Dowan (39 damage)
             ... with a shard of ice
             ... on level 4 of the Dungeon.
             The game lasted 00:09:28 (4226 turns).

senseless the Firebug (Octopode Fire Elementalist)  Turns: 4226, Time: 00:09:30

Health: -2/47      AC:  1    Str:  7    XL:     7   Next: 14%
Magic:  0/13       EV: 17    Int: 20    God:
Gold:   266        SH:  0    Dex: 12    Spells: 11/14 levels left

rFire   . . .      SeeInvis .   b - staff of conjuration
rCold   . . .      Faith    .   (no shield)
rNeg    . . .      Spirit   .   (helmet restricted)
rPois   .          Reflect  .   (no amulet)
rElec   .          Harm     .   h - +4 ring of evasion
rCorr   .          Rampage  .   (no ring)
Will    .....                   (no ring)
Stlth   +++.......              (no ring)
HPRegen 0.15/turn               (no ring)
MPRegen 0.13/turn               (no ring)
                                (no ring)
                                (no ring)

@: no status effects
A: almost no armour, amphibious, 8 rings, camouflage 1, gelatinous body 1,
(nimble swimmer 1), tentacles, robust 1
a: no special abilities


You were on level 4 of the Dungeon.
You visited 1 branch of the dungeon, and saw 4 of its levels.

You collected 266 gold pieces.

Inventory:

Hand Weapons
 e - a +0 dagger of draining
 n - a +4 quarterstaff of chaos
 o - a +1 mace of pain
Armour
 l - a +1 tower shield
Magical Staves
 b - a staff of conjuration (weapon)
 f - a staff of air
Jewellery
 h - a +4 ring of evasion (left tentacle)
Scrolls
 d - a scroll of blinking
 i - 4 scrolls of teleportation
Potions
 a - a potion of magic
 c - 4 potions of attraction
 g - a potion of heal wounds
 k - a potion of flight {unknown}
 m - a potion of curing


   Skills:
 + Level 1.1 Fighting
 + Level 1.4 Staves
 + Level 2.4 Dodging
 - Level 4.2 Stealth
 * Level 4.0 Spellcasting
 * Level 2.8 Conjurations
 + Level 4.8 Fire Magic
 + Level 0.5 Evocations


You had 11 spell levels left.
You knew the following spells:

 Your Spells              Type           Power      Damage    Failure   Level
a - Foxfire               Conj/Fire      100%       2x1d9     2%          1
b - Scorch                Fire           46%        2d7       2%          2

Your spell library contained the following spells:

 Spells                   Type           Power      Damage    Failure   Level
 Conjure Flame            Conj/Fire      29%        6-21      8%          3
 Inner Flame              Hex/Fire       13%        N/A       14%         3
 Flame Wave               Conj/Fire      29%        2d9       26%         4
 Summon Cactus Giant      Summ           2%         N/A       100%        6


Dungeon Overview and Level Annotations

Branches:
Dungeon (4/15)
 Temple: D:4-7

Altars:
Ashenzari
The Shining One

Shops:
D:4 *

Annotations:
D:4 Dowan


Innate Abilities, Weirdness & Mutations

You cannot wear most types of armour.
You are amphibious.
You can wear up to eight rings at the same time.
Your skin changes colour to match your surroundings (Stealth+).
Your rubbery body absorbs attacks. (AC +1, EV +1)
((You are camouflaged when in or above water. (Stealth+)))
You have tentacles for arms and can constrict up to eight enemies at once.
You are robust. (+10% HP)


Message History

The foxfire hits Dowan but does no damage.
Dowan is lightly wounded.
The foxfire hits Dowan.
Dowan resists.
Dowan is moderately wounded.
You barely miss Dowan. Your grab misses Dowan.
Dowan is moderately wounded.
The foxfire hits Dowan.
Dowan resists.
Dowan is moderately wounded.
Dowan barely misses you.
You hit Dowan but do no damage. You grab Dowan.
You squeeze Dowan, but do no damage.
Dowan is moderately wounded.
You constrict Dowan. Dowan casts a spell at you. The shard of ice misses you.
Dowan points at you and mumbles some strange words.
The stone arrow hits you!
You hit Dowan but do no damage.
Dowan is moderately wounded.
You constrict Dowan. Dowan closely misses you.
You hit Dowan but do no damage. You squeeze Dowan!
Dowan is severely wounded.
You constrict Dowan.
Dowan casts a spell.
Dowan struggles to blink free from constriction.
Dowan drinks a potion.
Dowan's spells are empowered!
You hit Dowan.
Dowan is almost dead.
You constrict Dowan, but do no damage.
Dowan casts a spell.
Dowan blinks free!
You feel a surge of power!
You conjure some foxfire!
The foxfire hits Dowan but does no damage.
Dowan is almost dead.
The foxfire hits Dowan.
Dowan completely resists.
Dowan is almost dead.
Dowan gestures at you while chanting. The shard of ice hits you!!!
Ouch! That really hurt!
You die...

####### .... #.....
........+..... #.....
........#..... #.....
........#..... #.....
........# ....#####.....
........######.......)..
.......§§#...#..........
.......§.'...#..........
.......@.#)..'..........
.......e##...#..........
........##...##+#.......
...##...##......#.......
.! #...##.>....#.......
. .....#......#.......
......#......#.......
.......#......######..
#...........#..


You could see Dowan (fast, empowered).

Vanquished Creatures
  Sigmund (D:3)
  Duvessa (D:4)
  A scorpion (D:3)
  Crazy Yiuf (D:2)
  Terence (D:2)
  5 adders
  A worm (D:3)
  A dart slug (D:4)
  2 orcs (D:3)
  6 endoplasms
  A giant cockroach (D:3)
  12 hobgoblins
  3 jackals (D:3)
  A quokka (D:3)
  8 ball pythons
  4 bats
  4 frilled lizards
  9 goblins
  6 kobolds
  4 rats
72 creatures vanquished.

Vanquished Creatures (others)
  286 foxfires
286 creatures vanquished.

Grand Total: 358 creatures vanquished

Notes
Turn   | Place    | Note
-------+----------+-------------------------------------------
     0 | D:1      | senseless the Octopode Fire Elementalist began the quest
                  | for the Orb.
     0 | D:1      | Reached XP level 1. HP: 11/11 MP: 3/3
   355 | D:1      | Reached XP level 2. HP: 17/17 MP: 0/5
   378 | D:1      | Learned a level 2 spell: Scorch
  1139 | D:2      | Reached XP level 3. HP: 21/21 MP: 1/6
  1862 | D:2      | Noticed Terence
  1897 | D:2      | Reached XP level 4. HP: 18/27 MP: 3/8
  1899 | D:2      | Killed Terence
  1900 | D:2      | Reached skill level 1 in Staves
  2223 | D:2      | Found a runed translucent door.
  2224 | D:2      | Noticed Crazy Yiuf
  2428 | D:2      | Killed Crazy Yiuf
  2429 | D:2      | Reached XP level 5. HP: 14/32 MP: 0/9
  2743 | D:3      | Gained mutation: You are robust. (+10% HP) [potion of
                  | mutation]
  3333 | D:3      | Noticed Sigmund
  3338 | D:3      | Killed Sigmund
  3339 | D:3      | Reached XP level 6. HP: 31/40 MP: 0/11
  3910 | D:3      | Identified a scroll of acquirement
  3910 | D:3      | Acquired a staff of conjuration
  3980 | D:4      | Found Neseofoa's Needful Niceties.
  4010 | D:4      | Found a broken altar of Ashenzari.
  4051 | D:4      | Found a glowing golden altar of the Shining One.
  4206 | D:4      | Noticed Duvessa
  4211 | D:4      | Noticed Dowan
  4218 | D:4      | Killed Duvessa
  4219 | D:4      | Reached skill level 1 in Fighting
  4219 | D:4      | Reached XP level 7. HP: 47/47 MP: 1/13
  4226 | D:4      | Killed from afar by Dowan

Illustrated notes

Levels and vault maps discovered:
D:1:      minmay_arrival_stone_box, layout_loops_ring
D:2:      layout_loops_ring, solitary_fountain, uniq_terence,
          uniq_crazy_yiuf_cottage
D:3:      layout_basic, uniq_sigmund
D:4:      layout_gridville, mainiacjoe_overflow_catch_the_wave,
          cheibrodos_sewer_entry_drain, nicolae_alphabet_shops, uniq_duvessa,
          uniq_robin

Skill      XL: |  1  2  3  4  5  6 |
---------------+-------------------+-----
Stealth        | 3 4 |  4.2
Staves         | 1 |  1.4
Spellcasting   | 3 4 |  4.0
Fire Magic     | 4 |  4.8
Conjurations   | 2 |  2.8
Fighting       | 1 |  1.1
Dodging        | |  2.4
Evocations     | |  0.5

Action                   |  1- 3 |  4- 6 |  7- 9 || total
-------------------------+-------+-------+-------++-------
Melee: Staff             |    13 |     8 |     5 ||    26
       Constrict         |     3 |     2 |     1 ||     6
       Punch             |     1 |       |       ||     1
       Tentacles         |     3 |     1 |     2 ||     6
 Cast: Foxfire           |    62 |    98 |     2 ||   162
       Scorch            |     3 |     5 |       ||     8
  Use: Scroll            |       |    13 |       ||    13
       Potion            |       |     1 |       ||     1
 Stab: Sleeping          |     1 |     2 |       ||     3
Armor: Skin              |     2 |       |       ||     2
Dodge: Dodged            |    30 |    21 |     3 ||    54
